Map: Lightshade LE

Players

SnowEagle - Winner!

  • Race: Protoss Protoss
  • Spawn Location: 5:00

LiteralDuck

  • Race: Terran Terran
  • League: Master
  • Spawn Location: 11:00

VOD

Have the link to the VOD?

Description

Time

  • Played on: March 17, 2021, 2:27 p.m.
  • Length: 10:52
Show
View Real Time Build Order
Export as new Build Order

SnowEagle Protoss - Winner!

Build Orders: 1 Gate Expand 

Get SALT Encoding   

  12  0:00  Probe  
  13  0:12  Probe  
  14  0:19  Pylon  
  14  0:25  Probe  
  15  0:37  Gateway  
  15  0:39  Probe (Chrono Boost)  
  17  0:50  Probe (Chrono Boost)  
  17  0:55  Probe (Chrono Boost)  
  18  1:06  Gateway, Probe  
  19  1:28  Zealot (Chrono Boost)  
  21  1:35  Nexus  
  21  1:39  Probe  
  22  1:47  Pylon  
  22  1:51  Probe  
  23  2:04  Probe  
  23  2:05  Zealot x2  
  27  2:14  Pylon  
  27  2:17  Probe  
  28  2:32  Zealot x2  
  28  2:33  Probe  
  33  2:45  Probe  
  33  2:49  Pylon, Probe  
  35  3:00  Zealot x2 (Chrono Boost)  
  39  3:06  Gateway, Probe x2  
  41  3:20  Probe  
  41  3:24  Probe  
  45  3:27  Zealot x2 (Chrono Boost)  
  45  3:30  Gateway  
  45  3:31  Probe  
  47  3:34  Pylon  
  48  3:45  Probe x2  
  50  3:58  Zealot x2  
  50  4:02  Zealot  
  56  4:08  Nexus  
  56  4:12  Probe x2  
  58  4:19  Pylon  
  58  4:25  Probe x2  
  58  4:28  Zealot x3  
  66  4:33  Pylon  
  66  4:34  Pylon  
  66  4:39  Gateway  
  66  4:40  Zealot  
  68  4:47  Probe x2  
  70  4:57  Gateway  
  70  4:59  Gateway  
  68  5:03  Probe x2  
  70  5:12  Zealot x3  
  70  5:13  Zealot  
  74  5:15  Probe x2  
  72  5:23  Gateway  
  72  5:26  Gateway  
  72  5:28  Zealot  
  74  5:29  Pylon  
  74  5:31  Pylon  
  74  5:35  Probe x3  
  77  5:39  Gateway  
  77  5:47  Probe x3  
  77  5:49  Zealot x2  
  84  5:50  Zealot  
  84  5:53  Zealot  
  84  5:56  Zealot  
  90  5:59  Zealot  
  92  6:06  Probe x3  
  95  6:14  Zealot x2 (Chrono Boost)  
  95  6:15  Zealot (Chrono Boost)  
  101  6:20  Pylon  
  101  6:22  Pylon  
  101  6:24  Zealot x2 (Chrono Boost)  
  101  6:25  Zealot (Chrono Boost)  
  109  6:26  Zealot (Chrono Boost)  
  109  6:30  Zealot (Chrono Boost)  
  111  6:37  Zealot (Chrono Boost)  
  111  6:38  Zealot x2 (Chrono Boost)  
  111  6:39  Zealot (Chrono Boost)  
  119  6:42  Zealot (Chrono Boost)  
  119  6:45  Zealot (Chrono Boost)  
  121  6:47  Zealot  
  121  6:48  Pylon  
  121  6:49  Pylon  
  121  6:50  Pylon  
  121  6:51  Zealot  
  121  6:53  Zealot  
  129  6:55  Zealot  
  129  6:57  Zealot  
  129  7:00  Zealot  
  135  7:02  Zealot  
  135  7:04  Zealot  
  135  7:07  Zealot  
  141  7:12  Zealot  
  141  7:14  Zealot  
  145  7:18  Zealot  
  145  7:20  Zealot  
  149  7:22  Zealot  
  149  7:24  Zealot  
  149  7:27  Zealot  
  149  7:28  Pylon  
  149  7:29  Pylon  
  155  7:39  Zealot x4  
  155  7:41  Zealot  
  165  7:46  Pylon  
  165  7:47  Pylon  
  165  7:48  Zealot x2  
  165  7:50  Zealot  
  171  7:52  Zealot  
  171  7:54  Zealot  
  175  8:06  Zealot x4  
  175  8:08  Zealot  
  185  8:15  Zealot x2  
  185  8:17  Zealot  
  191  8:24  Zealot x2  
  195  8:33  Zealot  
  195  8:34  Zealot  
  197  8:35  Zealot x2  
  179  8:42  Zealot  
  179  8:43  Zealot x2  
  179  8:44  Zealot  
  179  8:51  Zealot x2  
  175  9:00  Zealot  
  175  9:01  Zealot  
  175  9:02  Zealot x2  
  175  9:09  Zealot  
  165  9:10  Zealot x2  
  165  9:15  Zealot  
  161  9:18  Zealot x2  
  159  9:27  Zealot  
  159  9:28  Zealot  
  159  9:29  Zealot x2  
  167  9:36  Zealot  
  167  9:37  Zealot x2  
  173  9:42  Zealot  
  173  9:45  Zealot  
  177  9:46  Zealot  
  177  9:54  Zealot  
  177  9:55  Zealot  
  177  9:56  Zealot  
  177  9:57  Zealot  
  181  10:04  Zealot x3  
  185  10:09  Zealot  
  185  10:12  Zealot  
  185  10:13  Zealot  
  187  10:21  Zealot  
  187  10:22  Zealot  
  187  10:23  Zealot  
  187  10:24  Zealot  
Show
View Real Time Build Order
Export as new Build Order

LiteralDuck Terran 

Build Orders:  

Get SALT Encoding   

  12  0:02  SCV  
  13  0:14  SCV  
  13  0:18  Supply Depot  
  14  0:26  SCV  
  15  0:40  SCV  
  15  0:41  Barracks  
  16  0:52  SCV  
  16  0:57  Refinery  
  17  1:04  SCV  
  18  1:16  SCV  
  19  1:28  SCV  
  19  1:29  Supply Depot  
  19  1:32  Marine  
  21  1:40  SCV  
  22  1:50  Marine  
  22  1:52  SCV  
  24  2:02  Command Center  
  24  2:08  Marine  
  25  2:25  Marine  
  25  2:29  Refinery  
  26  2:30  SCV  
  26  2:33  Factory  
  27  2:42  SCV  
  27  2:43  Marine  
  29  2:54  SCV  
  30  3:06  SCV  
  30  3:12  Supply Depot  
  31  3:13  Marine  
  31  3:14  Supply Depot  
  31  3:19  Orbital Command  
  32  3:21  Factory Tech Lab  
  32  3:25  Starport  
  32  3:28  Orbital Command  
  32  3:31  Marine  
  33  3:43  Barracks  
  33  3:44  SCV  
  34  3:49  Marine  
  34  3:55  Engineering Bay  
  35  3:58  SCV  
  36  4:07  Marine  
  37  4:14  SCV  
  38  4:20  Siege Tank  
  38  4:21  Medivac  
  43  4:25  Marine  
  44  4:35  Barracks Tech Lab  
  44  4:42  Marine  
  45  4:50  SCV  
  45  4:51  Medivac  
  45  4:52  Siege Tank, Factory  
  51  4:55  SCV  
  50  5:00  Marine  
  50  5:02  SCV  
  52  5:07  SCV  
  51  5:14  SCV  
  51  5:18  Marine  
  51  5:19  SCV  
  52  5:24  Siege Tank  
  52  5:25  Medivac  
  52  5:26  SCV  
  52  5:27  Marauder  
  60  5:33  SCV  
  61  5:36  Marine  
  61  5:39  Supply Depot  
  61  5:41  Factory Tech Lab, Supply Depot  
  62  5:51  Missile Turret  
  62  5:59  Refinery  
  62  6:00  Marine, SCV x2  
  65  6:07  Siege Tank  
  68  6:12  SCV  
  68  6:14  Hellion  
  68  6:16  Starport Tech Lab  
  68  6:18  Marine, Starport Reactor  
  72  6:24  SCV  
  73  6:30  Refinery  
  73  6:35  Hellion  
  73  6:36  Barracks Reactor, SCV  
  73  6:37  Command Center  
  73  6:38  Combat Shield, Marauder  
  78  6:52  Supply Depot x2  
  78  6:54  Supply Depot  
  78  7:14  Hellion, Medivac, Marauder, SCV, Viking  
  87  7:26  Terran Infantry Weapons Level 1  
  87  7:35  Marauder, Hellion  
  87  7:36  Armory  
  91  7:37  Armory  
  91  7:49  Marine  
  91  7:50  Marine  
  93  7:52  Siege Tank  
  93  7:57  Marauder  
  98  8:12  Refinery  
  98  8:17  Widow Mine  
  98  8:18  Marauder  
  102  8:24  Siege Tank  
  102  8:26  Stimpack  
  105  8:39  Widow Mine  
  105  8:40  Marauder  
  76  9:16  Marine x2  
  37  9:27  Marauder  
  29  9:34  Marine x2  
  28  9:49  Marauder  
  27  10:10  Marauder  
Tags
 
League
Master
Matchup
PvT
Spawn Locations
Cross Positions
Add a new tag
Caveats
  • Supply blocks, unpowered buildings, or Contaminate may cause inaccurate times.
  • Supply counts are checked every 10 seconds.